 Dungeon Crawl Stone Soup version 0.27-a0-54-g64bdb92e38 (webtiles) character file.

Game seed: 4416832103432538742

6793 lessens the Nimble (level 11, -23/126 HPs)
             Began as a Gnoll Gladiator on Jan 7, 2021.
             Was a Priest of Okawaru.
             Annihilated by an orc knight
             ... wielding a +0 halberd
              (27 damage)
             ... in a bailey.
             The game lasted 00:14:21 (11502 turns).

lessens the Nimble (Gnoll Gladiator)               Turns: 11502, Time: 00:14:21

Health: -23/126    AC: 15    Str: 19    XL:     11   Next: 5%
Magic:  17/19      EV: 18    Int: 11    God:    Okawaru [***...]
Gold:   574        SH: 11    Dex: 17    Spells: 21/21 levels left

rFire    + . .     SeeInvis .   I - +2 war axe (vorpal)
rCold    . . .     Faith    .   H - -1 kite shield of Agoraphobia {Rampage rF+ Slay+3 Stlth-}
rNeg     . . .     Spirit   .   h - +0 scale mail
rPois    +         Reflect  .   c - +0 helmet
rElec    .         Harm     .   r - +2 cloak {Stlth+}
rCorr    +         Rampage  +   n - +0 pair of gloves
Will     .....                  (no boots)
Stlth    ..........             l - amulet of the acrobat
HPRegen  0.31/turn              M - ring of poison resistance
MPRegen  0.16/turn              o - ring of resist corrosion

@: berserking, heroism, very quick
A: distributed training, fangs 1, strong nose
a: Renounce Religion, Heroism


You were in a bailey.
You worshipped Okawaru.
Okawaru was most pleased with you.
You visited 2 branches of the dungeon, and saw 10 of its levels.
You also visited: Bailey.

You collected 716 gold pieces.
You spent 142 gold pieces at shops.

Inventory:

Hand Weapons
 a - a +0 flail
 s - a +1 dagger of venom
 t - a +4 quarterstaff of chaos
 I - a +2 vorpal war axe (weapon)
 J - a +1 rapier of draining
 Q - a +1 dagger of electrocution
Missiles
 d - 3 throwing nets (quivered)
 f - 385 stones
 y - 34 poisoned darts
 L - 12 boomerangs
Armour
 b - a +0 leather armour
 c - a +0 helmet (worn)
 h - a +0 scale mail (worn)
 n - a +0 pair of gloves (worn)
 r - a +2 cloak of stealth (worn)
 H - the -1 kite shield of Agoraphobia (worn) {Rampage rF+ Slay+3 Stlth-}
   (You found it on level 7 of the Dungeon)

   It affects your accuracy and damage with ranged weapons and melee attacks
   (+3).
   It protects you from fire.
   It bestows one free step when moving towards enemies.
   It makes you less stealthy.
Jewellery
 l - an amulet of the acrobat (around neck)
 o - a ring of resist corrosion (right hand)
 M - a ring of poison resistance (left hand)
Wands
 z - a wand of flame (9)
 B - a wand of disintegration (12)
Scrolls
 e - 9 scrolls of remove curse
 j - 4 scrolls of fear
 k - a scroll of amnesia {unknown}
 m - 2 scrolls of magic mapping
 u - a scroll of immolation {unknown}
 v - 2 scrolls of blinking {unknown}
 w - a scroll of enchant armour {unknown}
 C - a scroll of fog
 F - 2 scrolls of teleportation {unknown}
 G - a scroll of random uselessness {unknown}
 K - a scroll of silence {unknown}
 N - a scroll of enchant weapon {unknown}
Potions
 g - a potion of magic
 i - 8 potions of curing
 q - 4 potions of flight
 x - a potion of degeneration
 A - 3 potions of resistance
 E - a potion of lignification
 O - 2 potions of heal wounds
 P - 2 potions of might
 R - 2 potions of invisibility
 T - a potion of experience {unknown}
 U - a potion of haste


   Skills:
 + Level 7.5(12.5) Fighting
 + Level 5.9(10.9) Short Blades
 + Level 5.9(10.9) Long Blades
 + Level 5.9(10.9) Axes
 + Level 8.9(13.9) Maces & Flails
 + Level 5.9(10.9) Polearms
 + Level 5.9(10.9) Staves
 + Level 5.9(10.9) Slings
 + Level 5.9(10.9) Bows
 + Level 5.9(10.9) Crossbows
 + Level 7.5(12.5) Throwing
 + Level 5.9(10.9) Armour
 + Level 8.9(13.9) Dodging
 + Level 5.9(10.9) Stealth
 + Level 5.9(10.9) Shields
 + Level 5.9(10.9) Unarmed Combat
 + Level 5.9 Spellcasting
 + Level 4.8 Conjurations
 + Level 4.8 Hexes
 + Level 4.8 Summonings
 + Level 4.8 Necromancy
 + Level 4.8 Translocations
 + Level 4.8 Transmutations
 + Level 4.8 Fire Magic
 + Level 4.8 Ice Magic
 + Level 4.8 Air Magic
 + Level 4.8 Earth Magic
 + Level 4.8 Poison Magic
 + Level 6.4 Invocations
 + Level 5.9 Evocations


You had 21 spell levels left.
You didn't know any spells.
Your spell library contained the following spells:

 Spells                   Type           Power        Failure   Level
 Beastly Appendage        Tmut           26%          11%         1
 Wereblood                Tmut           13%          16%         2
 Spider Form              Tmut/Pois      6%           32%         3
 Ice Form                 Ice/Tmut       13%          71%         4
 Blade Hands              Tmut           6%           96%         5


Dungeon Overview and Level Annotations

Branches:
Dungeon (9/15)             Temple (1/1) D:7            Lair (0/6) D:8
 Bailey (1/1)
    Orc: D:9-12

Altars:
Ashenzari
Dithmenos
Elyvilon
Fedhas
Hepliaklqana
Kikubaaqudgha
Makhleb
Okawaru
Qazlal
Ru
Sif Muna
Trog
Uskayaw
Vehumet
Wu Jian
Xom
Yredelemnul
Zin
The Shining One

Shops:
D:5 ?*

Annotations:
D:6 1 runed translucent door


Innate Abilities, Weirdness & Mutations

Your experience applies equally to all skills.
You have very sharp teeth.
Your uncanny sense of smell can sniff out nearby items.


Message History

* * * LOW HITPOINT WARNING * * *
You block the orc knight's attack.
You closely miss the orc knight.
The orc knight is lightly wounded.
You slash the orc knight! You hit the orc.
You kill the orc!
Okawaru accepts your kill.
You slice the orc!!
You kill the orc!
You closely miss the orc knight. The orc completely misses you.
You block the orc's attack. The orc warrior closely misses you.
The orc closely misses you. You block the orc knight's attack.
The orc barely misses you.
The orc warrior hits you from afar with a +0 halberd!
* * * LOW HITPOINT WARNING * * *
You closely miss the orc knight. You bite the orc knight.
The orc knight is moderately wounded.
You closely miss the orc knight. You barely miss the orc knight.
The orc knight hits you with a +0 halberd!!
You die...

####### #######
#.....#########.....##
.......#.....#..)oo..+
.))))..'...?.'..@oo..+
..).)..'.....'.))oo..+
.))))..'.....'.ooo...+
...)...#.....#.......+
#.....#########.....##
####### #######


You could see 3 orc knights, 2 orc warriors and 4 orcs.

Vanquished Creatures
  A two-headed ogre (D:8)
  Maurice (D:8)
  The ghost of runemasterragnar the Skirmisher, an amateur MiDe (D:6)
  A troll (D:9)
  Prince Ribbit (D:5)
  10 orc warriors
  An ice beast (D:6)
  5 sky beasts
  A black bear (D:9)
  4 phantoms
  A hornet zombie (D:9)
  3 centaurs
  6 ogres
  7 bullfrogs
  4 scorpions
  A killer bee (D:9)
  4 wights (D:6)
  2 howler monkeys (D:9)
  A bullfrog zombie (D:6)
  Crazy Yiuf (D:3)
  3 hounds
  2 orc priests
  11 orc wizards
  4 bullfrog skeletons
  A centaur skeleton (D:8)
  A gnoll shaman (D:6)
  A jelly (D:7)
  3 iguanas
  Jessica (D:2)
  8 worker ants
  A killer bee zombie (D:5)
  A hound skeleton (D:7)
  A howler monkey skeleton (D:8)
  13 gnolls
  11 adders
  3 shadow imps
  2 white imps
  4 ufetubi
  2 oozes
  3 adder skeletons
  5 worms
  3 leopard geckos
  46 orcs
  2 ball pythons
  11 bats
  7 giant cockroaches
  9 hobgoblins
  4 jackals
  12 kobolds
  5 frilled lizards
  18 goblins
  11 rats
265 creatures vanquished.

Vanquished Creatures (others)
  15 plants (D:9)
15 creatures vanquished.

Grand Total: 280 creatures vanquished

Notes
Turn   | Place    | Note
-------+----------+-------------------------------------------
     0 | D:1      | lessens the Gnoll Gladiator began the quest for the Orb.
     0 | D:1      | Reached XP level 1. HP: 20/20 MP: 1/1
   164 | D:1      | Reached XP level 2. HP: 19/26 MP: 2/2
   366 | D:1      | Reached XP level 3. HP: 27/31 MP: 3/3
   569 | D:1      | Reached skill level 1 in Invocations
   931 | D:1      | Reached skill level 1 in Short Blades
   931 | D:1      | Reached skill level 1 in Long Blades
   931 | D:1      | Reached skill level 1 in Axes
   931 | D:1      | Reached skill level 1 in Polearms
   931 | D:1      | Reached skill level 1 in Staves
   931 | D:1      | Reached skill level 1 in Slings
   931 | D:1      | Reached skill level 1 in Bows
   931 | D:1      | Reached skill level 1 in Crossbows
   931 | D:1      | Reached skill level 1 in Armour
   931 | D:1      | Reached skill level 1 in Stealth
   931 | D:1      | Reached skill level 1 in Shields
   931 | D:1      | Reached skill level 1 in Unarmed Combat
   931 | D:1      | Reached skill level 1 in Spellcasting
   931 | D:1      | Reached skill level 1 in Evocations
  1269 | D:2      | Found a shadowy altar of Dithmenos.
  1284 | D:2      | Reached XP level 4. HP: 36/38 MP: 5/5
  1530 | D:2      | Reached skill level 1 in Conjurations
  1530 | D:2      | Reached skill level 1 in Hexes
  1530 | D:2      | Reached skill level 1 in Summonings
  1530 | D:2      | Reached skill level 1 in Necromancy
  1530 | D:2      | Reached skill level 1 in Translocations
  1530 | D:2      | Reached skill level 1 in Transmutations
  1530 | D:2      | Reached skill level 1 in Fire Magic
  1530 | D:2      | Reached skill level 1 in Ice Magic
  1530 | D:2      | Reached skill level 1 in Air Magic
  1530 | D:2      | Reached skill level 1 in Earth Magic
  1530 | D:2      | Reached skill level 1 in Poison Magic
  1630 | D:2      | Reached XP level 5. HP: 43/43 MP: 6/6
  1645 | D:2      | Found a white marble altar of Elyvilon.
  1792 | D:2      | Noticed Jessica
  1799 | D:2      | Killed Jessica
  2360 | D:3      | Found a shimmering blue altar of Sif Muna.
  2368 | D:3      | Reached XP level 6. HP: 12/50 MP: 8/8
  2706 | D:3      | Found a runed translucent door.
  2707 | D:3      | Noticed Crazy Yiuf
  2715 | D:3      | Killed Crazy Yiuf
  2829 | D:3      | Reached skill level 5 in Fighting
  2829 | D:3      | Reached skill level 5 in Throwing
  3003 | D:3      | Found a basalt altar of Yredelemnul.
  3490 | D:4      | Reached XP level 7. HP: 13/56 MP: 10/10
  3896 | D:4      | Found a stormy altar of Qazlal.
  3945 | D:4      | Found a glowing golden altar of the Shining One.
  3946 | D:4      | Found an ornate altar of the Wu Jian Council.
  4003 | D:5      | Entered Level 5 of the Dungeon
  4353 | D:5      | Found Foyxkan's Magic Scroll Boutique.
  4358 | D:5      | Bought a scroll of fog for 22 gold pieces
  4358 | D:5      | Bought a scroll of remove curse for 33 gold pieces
  4358 | D:5      | Bought a scroll of fear for 38 gold pieces
  4358 | D:5      | Bought a scroll of noise for 11 gold pieces
  4358 | D:5      | Bought a scroll of magic mapping for 38 gold pieces
  4517 | D:5      | Found Ohuiru Ikhua's Elemental Accessories.
  4764 | D:5      | Noticed Prince Ribbit
  4783 | D:5      | Killed Prince Ribbit
  4784 | D:5      | Reached XP level 8. HP: 63/63 MP: 12/12
  5821 | D:6      | Found a runed translucent door.
  5822 | D:6      | Noticed runemasterragnar's ghost (amateur MiDe)
  5869 | D:6      | Killed runemasterragnar's ghost
  6026 | D:6      | Found a runed translucent door.
  6115 | D:6      | Reached XP level 9. HP: 56/69 MP: 14/14
  6492 | D:6      | Found a glowing silver altar of Zin.
  7095 | D:7      | Found a staircase to the Ecumenical Temple.
  7123 | Temple   | Entered the Ecumenical Temple
  7460 | Temple   | Became a worshipper of Warmaster Okawaru
  7654 | D:7      | Got a polished kite shield
  7725 | D:6      | Identified the -1 kite shield of Agoraphobia {Rampage rF+
                  | Slay+3 Stlth-} (You found it on level 7 of the Dungeon)
  7991 | D:7      | Reached skill level 5 in Invocations
  8577 | D:7      | Found a broken altar of Ashenzari.
  8664 | D:8      | Reached XP level 10. HP: 69/77 MP: 17/17
  8734 | D:8      | Reached * piety under Okawaru
  8760 | D:8      | Found a staircase to the Lair.
  8944 | D:8      | Reached skill level 5 in Short Blades
  8944 | D:8      | Reached skill level 5 in Long Blades
  8944 | D:8      | Reached skill level 5 in Axes
  8944 | D:8      | Reached skill level 5 in Polearms
  8944 | D:8      | Reached skill level 5 in Staves
  8944 | D:8      | Reached skill level 5 in Slings
  8944 | D:8      | Reached skill level 5 in Bows
  8944 | D:8      | Reached skill level 5 in Crossbows
  8944 | D:8      | Reached skill level 5 in Armour
  8944 | D:8      | Reached skill level 5 in Stealth
  8944 | D:8      | Reached skill level 5 in Shields
  8944 | D:8      | Reached skill level 5 in Unarmed Combat
  8944 | D:8      | Reached skill level 5 in Spellcasting
  8944 | D:8      | Reached skill level 5 in Evocations
  9126 | D:8      | Noticed Maurice
  9254 | D:8      | Killed Maurice
  9753 | D:8      | Reached ** piety under Okawaru
 10395 | D:8      | Noticed a two-headed ogre
 10407 | D:8      | Killed a two-headed ogre
 10805 | D:9      | Reached *** piety under Okawaru
 10849 | D:9      | Noticed a two-headed ogre
 11058 | D:9      | Reached XP level 11. HP: 78/84 MP: 19/19
 11061 | D:9      | Found a flagged portal.
 11066 | Bailey   | Entered a bailey
 11494 | Bailey   | Noticed an orc knight
 11495 | Bailey   | Noticed an orc knight
 11495 | Bailey   | Noticed an orc knight
 11501 | Bailey   | HP: 4/126 [orc warrior/+0 halberd (8)]
 11502 | Bailey   | Annihilated by an orc knight

Illustrated notes

Levels and vault maps discovered:
D:1:      giann_forest_graveyard, layout_basic, hangedman_feature_mirror,
          minmay_pentomino_z4
D:2:      layout_basic, nicolae_overflow_hidden_temple,
          nicolae_dithmenos_shadow_blocks, uniq_jessica
D:3:      layout_rooms, lemuel_doored_altar, lemuel_round_altar, serial_glass,
          glass_columns_a, glass_columns_a, glass_columns_a,
          due_unseen_surprise, feat_on_display, feat_on_display,
          chequers_serial_rivers_small_b, uniq_crazy_yiuf_cottage
D:4:      layout_basic, lemuel_coloured_pillars_altar,
          chequers_temple_overflow_statue_of_worship
D:5:      layout_loops_corners, serial_rivers, chequers_serial_rivers_small_a,
          chequers_serial_rivers_micro_b, chequers_serial_rivers_micro_b,
          chequers_serial_rivers_micro_b, chequers_serial_rivers_large_a,
          serial_shops, nicolae_shop_stone, minmay_statues_item,
          minmay_misc_feat_encased, nicolae_elemental_shop,
          kennysheep_generic_room_8, uniq_prince_ribbit1
D:6:      layout_basic, zin_statuary, ebering_ghost_sewer_f
D:7:      layout_loops_ring, lemuel_round_altar,
          minmay_temple_entry_stoned_glass
D:8:      cheibrodos_ideogram_h, layout_loops_corners, uniq_maurice
D:9:      gammafunk_indiana_jones, layout_loops_corners, lemuel_round_altar,
          enter_bailey_3, minivault_10, serial_bayou_pond_c,
          minmay_joined_circles
Temple:   oiseaux_autumnal_temple
Bailey:   bailey_polearm_5, bailey

Skill      XL: |  1  2  3  4  5  6  7  8  9 10 |
---------------+-------------------------------+-----
Invocations    | 1 2 3 4 5 6 |  6.4
Short Blades   | 1 2 3 4 5 |  5.9
Long Blades    | 1 2 3 4 5 |  5.9
Axes           | 1 2 3 4 5 |  5.9
Polearms       | 1 2 3 4 5 |  5.9
Staves         | 1 2 3 4 5 |  5.9
Slings         | 1 2 3 4 5 |  5.9
Bows           | 1 2 3 4 5 |  5.9
Crossbows      | 1 2 3 4 5 |  5.9
Armour         | 1 2 3 4 5 |  5.9
Stealth        | 1 2 3 4 5 |  5.9
Shields        | 1 2 3 4 5 |  5.9
Unarmed Combat | 1 2 3 4 5 |  5.9
Spellcasting   | 1 2 3 4 5 |  5.9
Evocations     | 1 2 3 4 5 |  5.9
Conjurations   | 1 2 3 4 |  4.8
Hexes          | 1 2 3 4 |  4.8
Summonings     | 1 2 3 4 |  4.8
Necromancy     | 1 2 3 4 |  4.8
Translocations | 1 2 3 4 |  4.8
Transmutations | 1 2 3 4 |  4.8
Fire Magic     | 1 2 3 4 |  4.8
Ice Magic      | 1 2 3 4 |  4.8
Air Magic      | 1 2 3 4 |  4.8
Earth Magic    | 1 2 3 4 |  4.8
Poison Magic   | 1 2 3 4 |  4.8
Fighting       | 5 6 7 |  7.5
Throwing       | 5 6 7 |  7.5
Maces & Flails | 7 8 |  8.9
Dodging        | 7 8 |  8.9

Action                   |  1- 3 |  4- 6 |  7- 9 | 10-12 || total
-------------------------+-------+-------+-------+-------++-------
Melee: Flail             |   104 |   134 |       |       ||   238
       Bite              |     7 |    19 |    37 |    36 ||    99
       Quarterstaff      |       |    47 |   248 |       ||   295
       War axe           |       |       |    55 |   244 ||   299
       Punch             |       |       |     1 |       ||     1
Throw: Throwing net      |       |     1 |       |     2 ||     3
Invok: Heroism           |       |       |       |     3 ||     3
  Use: Scroll            |       |       |     6 |     5 ||    11
       Potion            |       |       |       |     1 ||     1
 Stab: Paralysed         |       |       |     1 |       ||     1
       Sleeping          |       |       |     3 |       ||     3
       Held in net/web   |       |       |       |     2 ||     2
Armor: Leather armour    |     5 |       |       |       ||     5
       Scale mail        |    33 |    54 |   120 |    84 ||   291
Dodge: Dodged            |    91 |   132 |   237 |   218 ||   678
Block: Kite shield       |       |       |    29 |   157 ||   186

Table legend: (Time is in decaauts)
 A = Elapsed time spent in this place.
 B = Non-inter-level travel time spent in this place.
 C = Inter-level travel time spent in this place.
 D = Time resting spent in this place.
 E = Time spent auto-exploring this place.
 F = Levels seen in this place.
 G = Mean time per level.
                   A        B        C        D        E       F      G
               +--------+--------+--------+--------+--------+-----+--------+
         Total |  11659 |  11301 |    358 |   1893 |   7358 |  11 | 1059.9 |
       Dungeon |  10855 |  10525 |    330 |   1577 |   7014 |   9 | 1206.1 |
        Temple |    365 |    337 |     28 |      0 |    327 |   1 |  365.0 |
        Bailey |    438 |    438 |      0 |    316 |     17 |   1 |  438.0 |
               +--------+--------+--------+--------+--------+-----+--------+

Top non-repeatable levels by time:
     D:8: 2146 daAuts
     D:5: 1774 daAuts
     D:6: 1423 daAuts
     D:1: 1267 daAuts
     D:2: 1214 daAuts
     D:7: 1138 daAuts
     D:4: 874 daAuts
     D:3: 676 daAuts
  Bailey: 438 daAuts
  Temple: 365 daAuts
     D:9: 339 daAuts
